 Dungeon Crawl Stone Soup version 0.18.1-8-gdd0e5ea (webtiles) character file.

105 raph the Firebug (level 4, -1/24 HPs)
             Began as a Tengu Fire Elementalist on May 28, 2016.
             Slain by Grinder (6 damage)
             ... on level 3 of the Dungeon.
             The game lasted 00:04:22 (2010 turns).

raph the Firebug (Tengu Fire Elementalist)          Turns: 2010, Time: 00:04:23

Health: -1/24      AC:  5    Str:  8    XL:     4   Next: 83%
Magic:  1/8        EV: 13    Int: 17    God:
Gold:   99         SH:  0    Dex: 14    Spells: 3 memorised, 1 level left

rFire  . . .     SeeInvis .     p - +0 spear
rCold  . . .     Gourm    .     a - +0 robe
rNeg   . . .     Faith    .     (no shield)
rPois  .         Spirit   .     (helmet restricted)
rElec  .         Dismiss  .     n - +0 cloak
rCorr  .         Reflect  .     g - +1 pair of gloves
SustAt .         Harm     .     (boots unavailable)
MR     .....                    (no amulet)
Stlth  ++........               (no ring)
                                (no ring)

@: not resistant to hostile enchantments, unstealthy
A: beak, talons 3
a: no special abilities


You were on level 3 of the Dungeon.
You were not hungry.

You visited 1 branch of the dungeon, and saw 3 of its levels.

You collected 99 gold pieces.

Inventory:

Hand Weapons
 h - a +0 dagger
 p - a +0 spear (weapon)
Armour
 a - a +0 robe (worn)
 g - a +1 pair of gloves (worn)
 n - a +0 cloak (worn)
Scrolls
 e - a scroll of immolation {unknown}
 f - 2 scrolls of identify {unknown}
 j - 2 scrolls of fog {unknown}
 k - 2 scrolls of remove curse {unknown}
 m - a scroll of enchant armour {unknown}
Potions
 d - 2 potions of flight {unknown}
 i - a potion of agility {unknown}
 r - 2 potions of curing {unknown}
Books
 b - a book of Flames

   Spells                             Type                      Level
   a - Flame Tongue                   Conjuration/Fire             1
   b - Throw Flame                    Conjuration/Fire             2
   c - Conjure Flame                  Conjuration/Fire             3
   d - Inner Flame                    Hexes/Fire                   3
   e - Sticky Flame                   Conjuration/Fire             4
   f - Fireball                       Conjuration/Fire             5
Comestibles
 c - 4 bread rations
 l - 4 fruits
 o - a meat ration
 q - 3 chunks of flesh


   Skills:
 + Level 2.8 Dodging
 + Level 2.5 Stealth
 + Level 2.2 Spellcasting
 * Level 3.2 Conjurations
 * Level 4.4 Fire Magic


You had one spell level left.
You knew the following spells:

 Your Spells              Type           Power        Failure   Level  Hunger
a - Flame Tongue          Conj/Fire      ###..        4%          1    #......
b - Throw Flame           Conj/Fire      ###...       10%         2    ###....
c - Conjure Flame         Conj/Fire      ###.....     14%         3    ###....


Dungeon Overview and Level Annotations

Branches:
Dungeon (3/15)

Altars:
Kikubaaqudgha
Okawaru
Ru

Annotations:
D:3 Grinder


Innate Abilities, Weirdness & Mutations

You have a beak for a mouth.
You have claws for feet.


Message History

You hit Grinder.
Grinder is heavily wounded.
Grinder gestures at you. Pain shoots through your body!
You hit Grinder.
Grinder is severely wounded.
Grinder hits you!
You closely miss Grinder. You claw Grinder, but do no damage.
You peck Grinder, but do no damage.
Grinder is severely wounded.
Grinder closely misses you.
You barely miss Grinder. You peck Grinder.
Grinder is severely wounded.
Grinder closely misses you.
You hit Grinder. You claw Grinder.
Grinder is almost dead.
Grinder hits you.
* * * LOW HITPOINT WARNING * * *
You writhe in agony.
You die...

...# #.##.....#
...# #))......#
...# ###......###
...# #...#....# .
...#
########.######..
...# ##†#......#
#### #..........
#........##
#..@.....#
#..5.....+
#........#
.....).....#
#............#
#........#####
#........#
#........#
#........#


You could see Grinder.

Vanquished Creatures
  Jessica (D:3)
  2 adders
  An ooze (D:2)
  3 dart slugs
  2 giant geckos (D:1)
  2 orcs (D:3)
  A giant cockroach (D:2)
  4 hobgoblins (D:2)
  3 jackals (D:2)
  6 kobolds
  3 quokkas (D:2)
  2 bats
  2 giant newts
  8 goblins
  A quokka skeleton (D:3)
  5 rats (D:1)
46 creatures vanquished.

Notes
Turn   | Place    | Note
--------------------------------------------------------------
     0 | D:1      | raph the Tengu Fire Elementalist began the quest for the Orb.
     0 | D:1      | Reached XP level 1. HP: 10/10 MP: 4/4
   456 | D:1      | Reached XP level 2. HP: 15/15 MP: 4/6
   483 | D:1      | Learned a level 2 spell: Throw Flame
   910 | D:2      | Found a faded altar to an unknown god.
   980 | D:2      | Reached XP level 3. HP: 19/19 MP: 0/7
  1307 | D:2      | Learned a level 3 spell: Conjure Flame
  1329 | D:2      | Found an iron altar of Okawaru.
  1344 | D:2      | Reached skill level 4 in Fire Magic
  1599 | D:2      | Found a sacrificial altar of Ru.
  1600 | D:2      | Found an ancient bone altar of Kikubaaqudgha.
  1637 | D:2      | Reached XP level 4. HP: 24/24 MP: 5/8
  1730 | D:3      | Noticed Jessica
  1738 | D:3      | Killed Jessica
  1996 | D:3      | Noticed Grinder
  2010 | D:3      | Slain by Grinder

Skill      XL: |  1  2  3  4 |
---------------+-------------+-----
Conjurations   | 2 3 |  3.2
Fire Magic     | 4 |  4.4
Dodging        | |  2.8
Stealth        | |  2.5
Spellcasting   | |  2.2

Action                   |  1- 3 |  4- 6 || total
-------------------------+-------+-------++-------
Melee: Unarmed           |     2 |       ||     2
       Dagger            |     4 |       ||     4
       Peck              |     1 |     2 ||     3
       Spear             |     4 |    11 ||    15
       Kick              |       |     3 ||     3
 Cast: Flame Tongue      |    70 |    17 ||    87
       Throw Flame       |       |     4 ||     4
       Conjure Flame     |       |     2 ||     2
  Eat: Chunk             |     4 |     1 ||     5
Armor: Robe              |    15 |     3 ||    18
Dodge: Dodged            |    29 |     5 ||    34
